 Dungeon Crawl Stone Soup version 0.29.1-1-gd02db6906a (webtiles) character file.

Game seed: 2434743127371104746

624 fireball365 the Chopper (level 7, 0/58 HPs)
             Began as a Minotaur Fighter on Oct 11, 2022.
             Was an Initiate of Makhleb.
             Slain by a phantasmal warrior (28 damage)
             ... created by the anger of Yredelemnul
             ... on level 5 of the Dungeon.
             The game lasted 00:15:39 (4036 turns).

fireball365 the Chopper (Minotaur Fighter)          Turns: 4036, Time: 00:15:39

Health: 0/58       AC: 12    Str: 21    XL:     7   Next: 22%
Magic:  6/6        EV:  6    Int:  5    God:    Makhleb [......]
Gold:   224        SH:  9    Dex: 11    Spells: 6/6 levels left

rFire   . . .      SeeInvis .   a - +0 war axe
rCold   . . .      Faith    .   g - +0 kite shield
rNeg    . . .      Spirit   .   m - +0 chain mail
rPois   .          Reflect  .   (helmet restricted)
rElec   .          Harm     .   k - +0 cloak
rCorr   .          Rampage  .   A - +0 pair of gloves
Will    .....                   (no boots)
Stlth   ..........              (no amulet)
HPRegen 0.19/turn               (no ring)
MPRegen 0.10/turn               (no ring)

@: no status effects
A: horns 2, retaliatory headbutt
a: Renounce Religion


You were on level 5 of the Dungeon.
You worshipped Makhleb.
Makhleb was noncommittal.
You visited 1 branch of the dungeon, and saw 5 of its levels.

You collected 224 gold pieces.

Inventory:

Hand Weapons
 a - a +0 war axe (weapon)
 t - a +1 mace of protection
 x - a +4 hand axe
Missiles
 o - 43 stones (quivered)
 r - 4 poisoned darts
Armour
 b - a +0 scale mail
 c - a +0 buckler
 g - a +0 kite shield (worn)
 k - a +0 cloak (worn)
 m - a +0 chain mail (worn)
 A - a +0 pair of gloves (worn)
Scrolls
 e - a scroll of vulnerability {unknown}
 h - 5 scrolls of identify {unknown}
 j - a scroll of magic mapping {unknown}
 l - 3 scrolls of blinking {unknown}
 p - a scroll of amnesia {unknown}
 u - 2 scrolls of teleportation {unknown}
 y - a scroll of fog {unknown}
 C - a scroll of brand weapon {unknown}
Potions
 d - a potion of might
 f - a potion of cancellation {unknown}
 i - a potion of mutation {unknown}
 n - 3 potions of brilliance {unknown}
 q - 7 potions of curing {unknown}
 s - a potion of flight {unknown}
 v - a potion of ambrosia {unknown}
 w - 2 potions of berserk rage {unknown}
 z - a potion of lignification {unknown}
 B - a potion of attraction {unknown}


   Skills:
 - Level 3.9 Fighting
 * Level 7.9 Axes
 + Level 5.2 Armour
 + Level 0.9 Dodging
 + Level 0.1 Stealth
 + Level 5.0 Shields


You had 6 spell levels left.
You didn't know any spells.
Your spell library contained the following spells:

 Spells                   Type           Power      Damage    Failure   Level
 Foxfire                  Conj/Fire      0%         2x1d4     100%        1
 Freeze                   Ice            0%         1d3       100%        1
 Summon Small Mammal      Summ           0%         N/A       100%        1
 Call Canine Familiar     Summ           0%         N/A       100%        3
 Conjure Flame            Conj/Fire      0%         6-21      100%        3
 Frozen Ramparts          Ice            0%         1d1       100%        3
 Inner Flame              Hex/Fire       0%         N/A       100%        3
 Stone Arrow              Conj/Erth      0%         3d7       100%        3
 Summon Guardian Golem    Hex/Summ       0%         N/A       100%        3
 Animate Armour           Summ/Erth      0%         N/A       100%        4
 Flame Wave               Conj/Fire      0%         2d4       100%        4
 Hailstorm                Conj/Ice       0%         3d3       100%        4
 Lehudib's Crystal Spear  Conj/Erth      0%         10d2      100%        8


Dungeon Overview and Level Annotations

Branches:
Dungeon (5/15)
 Temple: D:4-7

Altars:
Makhleb
Uskayaw
Xom
Yredelemnul
The Shining One


Innate Abilities, Weirdness & Mutations

You have a pair of horns on your head.
You reflexively headbutt those who attack you in melee.


Message History

The ice beast hits you but does no damage.
You closely miss the ice beast. Your headbutt misses the ice beast.
The ice beast is almost dead.
The ice beast hits you. The ice beast freezes you!
You hit the ice beast but do no damage.
The ice beast is almost dead.
The ice beast barely misses you. You furiously retaliate!
You headbutt the ice beast!
You kill the ice beast!
Makhleb accepts your kill.
Your Shields skill increases to level 5!
Found a pair of boots.
Yredelemnul sends servants to punish you.
A phantasmal warrior and a centaur warrior zombie come into view.
The centaur warrior zombie closely misses you.
You furiously retaliate!
You headbutt the centaur warrior zombie.
The centaur warrior zombie completely misses you.
You block the phantasmal warrior's attack.
The centaur warrior zombie barely misses you.
The centaur warrior zombie kicks you.
You block the phantasmal warrior's attack.
The centaur warrior zombie hits you but does no damage.
The centaur warrior zombie kicks you but does no damage.
The centaur warrior zombie closely misses you.
You furiously retaliate!
You headbutt the centaur warrior zombie!
The centaur warrior zombie kicks you but does no damage.
The phantasmal warrior completely misses you.
You barely miss the centaur warrior zombie.
You headbutt the centaur warrior zombie.
The centaur warrior zombie is lightly damaged.
You barely miss the phantasmal warrior.
The centaur warrior zombie closely misses you.
You furiously retaliate!
You headbutt the centaur warrior zombie, but do no damage.
You block the centaur warrior zombie's attack.
The phantasmal warrior hits you!!
You die...
Xom roars with laughter!

#. ##.###
#.####....?.....#
#...............#
###...............
#...............#
#........(......#
#...............#
###...........W[#
#...†.......Z@#
#.....#.#######
###.###.# #.# #.#
... ..# .... ..#
.........
..$≈≈≈.... #...≈c


You could see a phantasmal warrior and a centaur warrior zombie.

Vanquished Creatures
  An ice beast (D:5)
  2 scorpions
  A water moccasin zombie (D:3)
  An orc priest (D:3)
  A hound (D:5)
  3 orc wizards
  Robin (D:2)
  4 adders
  2 worms
  3 dart slugs
  5 orcs
  3 bats
  5 endoplasms
  A giant cockroach (D:2)
  18 goblins
  5 hobgoblins
  8 jackals (D:1)
  5 quokkas
  4 ball pythons
  2 frilled lizards (D:2)
  4 kobolds
  4 rats
83 creatures vanquished.

Vanquished Creatures (collateral kills)
  Eustachio (D:4)
  An orc (D:4)
  A bat (D:3)
  A rat (D:3)
4 creatures vanquished.

Vanquished Creatures (others)
  An orc zombie (D:3)
1 creature vanquished.

Grand Total: 88 creatures vanquished

Notes
Turn   | Place    | Note
-------+----------+-------------------------------------------
     0 | D:1      | fireball365 the Minotaur Fighter began the quest for the
                  | Orb.
     0 | D:1      | Reached XP level 1. HP: 19/19 MP: 0/0
   174 | D:1      | Reached XP level 2. HP: 26/27 MP: 1/1
   498 | D:1      | Reached skill level 3 in Axes
   551 | D:1      | Reached XP level 3. HP: 31/33 MP: 2/2
  1455 | D:2      | Noticed Robin
  1463 | D:2      | Reached skill level 4 in Axes
  1471 | D:2      | Killed Robin
  1472 | D:2      | Reached XP level 4. HP: 31/40 MP: 3/3
  2267 | D:3      | Found a faded altar of an unknown god.
  2273 | D:3      | Prayed at the altar of an unknown god.
  2273 | D:3      | Became a worshipper of Yredelemnul the Dark
  2273 | D:3      | Reached * piety under Yredelemnul
  2353 | D:3      | Reached skill level 5 in Axes
  2353 | D:3      | Reached XP level 5. HP: 43/46 MP: 4/4
  2386 | D:3      | Reached skill level 6 in Axes
  2783 | D:4      | Reached XP level 6. HP: 51/52 MP: 5/5
  2954 | D:4      | Noticed Eustachio
  2981 | D:4      | Killed Eustachio
  2982 | D:4      | Reached skill level 7 in Axes
  3346 | D:4      | Found a burning altar of Makhleb.
  3346 | D:4      | Found a glowing golden altar of the Shining One.
  3363 | D:4      | Found a faded altar of an unknown god.
  3366 | D:4      | Found a hide-covered altar of Uskayaw.
  3368 | D:4      | Found a faded altar of an unknown god.
  3373 | D:4      | Prayed at the altar of an unknown god.
  3373 | D:4      | Fell from the grace of Yredelemnul
  3373 | D:4      | Became a worshipper of Xom the Begetter of Discontinuities
  3379 | D:4      | Prayed at the altar of an unknown god.
  3379 | D:4      | Fell from the grace of Xom
  3379 | D:4      | Became a worshipper of Uskayaw the Reveller
  3379 | D:4      | Reached * piety under Uskayaw
  3417 | D:4      | Fell from the grace of Uskayaw
  3417 | D:4      | Became a worshipper of Makhleb the Destroyer
  3952 | D:5      | Entered Level 5 of the Dungeon
  3958 | D:5      | Noticed an ice beast
  3959 | D:5      | Reached skill level 5 in Armour
  3959 | D:5      | Reached XP level 7. HP: 58/58 MP: 6/6
  3975 | D:5      | Reached skill level 5 in Shields
  4031 | D:5      | Noticed a phantasmal warrior
  4036 | D:5      | Slain by a phantasmal warrior

Illustrated notes

Levels and vault maps discovered:
D:1:      lemuel_arrival_funnel, layout_loops_corners
D:2:      minmay_inner_zag, layout_loops_ring, uniq_robin
D:3:      layout_basic, dreamdust_ecumenical_altar_angels_and_demons
D:4:      layout_loops_cross, chequers_temple_overflow_minitemple,
          chequers_serial_rivers_micro_b, amethyst_killhole, uniq_eustachio
D:5:      layout_basic, mainiacjoe_overflow_small_starburst,
          kb_lookout_dungeons_type

Skill      XL: |  1  2  3  4  5  6  7 |
---------------+----------------------+-----
Armour         | 4 5 |  5.2
Shields        | 4 5 |  5.0
Axes           | 3 4 5 6 7 |  7.9
Fighting       | |  3.9
Dodging        | |  0.9
Stealth        | |  0.1

Action                   |  1- 3 |  4- 6 |  7- 9 || total
-------------------------+-------+-------+-------++-------
Melee: War axe           |    78 |   124 |    10 ||   212
       Headbutt          |    12 |    17 |     2 ||    31
 Stab: Distracted        |       |     1 |       ||     1
Armor: Scale mail        |    21 |       |       ||    21
       Chain mail        |    29 |   118 |     7 ||   154
Dodge: Dodged            |    32 |    59 |     9 ||   100
Block: Buckler           |     3 |       |       ||     3
       Kite shield       |    25 |    68 |     6 ||    99
